 Dungeon Crawl Stone Soup version 0.32-a0-656-g3542139ebd (webtiles) character file.

Game seed: 3877859947842820759

526 Dittersdorf the Shield-Bearer (level 7, -1/44 HPs)
             Began as a Gargoyle Fighter on Mar 8, 2024.
             Slain by a ribbon worm (4 damage)
             ... on level 5 of the Dungeon.
             The game lasted 00:03:49 (3414 turns).

Dittersdorf the Shield-Bearer (Gargoyle Fighter)    Turns: 3414, Time: 00:03:50

Health: -1/44      AC: 15    Str: 22    XL:     7   Next: 23%
Magic:  7/7        EV: 13    Int:  8    God:
Gold:   189        SH:  4    Dex:  9    Spells: 6/6 levels left

rFire   . . .        a - +0 flail
rCold   . . .        c - +0 buckler
rNeg    + . .        s - +0 chain mail
rPois   ∞            (no helmet)
rElec   +            (no cloak)
rCorr   .            b - +0 pair of gloves
SInv    +            (no boots)
Will    .....        (no amulet) Stlth
                     n - +5 ring of evasion
HPRegen 0.27/turn    k - ring of see invisible
MPRegen 0.10/turn

%: no passive effects
@: no status effects
A: sickness immunity, AC +4, negative energy resistance 1, electricity
resistance, torment resistance 1, petrification resistance
a: no special abilities


You were on level 5 of the Dungeon.
You visited 1 branch of the dungeon, and saw 5 of its levels.

You collected 189 gold pieces.

Inventory:

Hand Weapons
 a - a +0 flail (weapon)
Missiles
 B - 2 throwing nets (quivered)
Armour
 b - a +0 pair of gloves (worn)
 c - a +0 buckler (worn)
 s - a +0 chain mail (worn)
Jewellery
 k - a ring of see invisible (right hand)
 n - a +5 ring of evasion (left hand)
 y - a ring of ice
Wands
 v - a wand of digging (5)
Scrolls
 h - 2 scrolls of immolation {unknown}
 j - a scroll of poison {unknown}
 o - a scroll of fog {unknown}
 q - 2 scrolls of revelation {unknown}
 r - a scroll of teleportation {unknown}
 t - a scroll of blinking {unknown}
 u - 2 scrolls of acquirement {unknown}
 x - 2 scrolls of identify
 z - a scroll of fear {unknown}
Potions
 d - a potion of might
 e - a potion of degeneration {unknown}
 f - 2 potions of curing {unknown}
 g - a potion of enlightenment {unknown}
 i - a potion of attraction {unknown}
 l - a potion of resistance
 m - a potion of brilliance
 p - a potion of magic
 w - 2 potions of heal wounds {unknown}
 A - a potion of mutation {unknown}


   Skills:
 + Level 5.1 Fighting
 + Level 4.1 Maces & Flails
 + Level 5.2 Armour
 + Level 5.2 Shields


You had 6 spell levels left.
You didn't know any spells.
Your spell library contained the following spells:

 Spells                   Type           Power      Damage    Failure   Level
 Frozen Ramparts          Ice            0%         1d1       100%        3
 Fugue of the Fallen      Necr           0%         N/A       100%        3
 Inner Flame              Hex/Fire       0%         N/A       100%        3
 Ozocubu's Armour         Ice            0%         N/A       100%        3
 Flame Wave               Conj/Fire      0%         2d4       100%        4
 Leda's Liquefaction      Alch/Erth      0%         N/A       100%        4
 Manifold Assault         Tloc           0%         N/A       100%        4
 Petrify                  Alch/Erth      0%         N/A       100%        4
 Sticky Flame             Fire/Alch      0%         2d4       100%        4
 Metabolic Englaciation   Hex/Ice        0%         N/A       100%        5


Dungeon Overview and Level Annotations

Branches:
Dungeon (5/15)
 Temple: D:4-7

Altars:
Hepliaklqana
The Shining One

Shops:
D:4 *


Innate Abilities, Weirdness & Mutations

You are immune to sickness and miasma.
Your stone body is resilient. (AC +4)
You are immune to poison.
You resist negative energy. (rN+)
You are resistant to electric shocks. (rElec)
You are resistant to unholy torment.
You are immune to petrification.


Message History

You hit the gnoll sergeant but do no damage.
The gnoll sergeant hits you with a +0 trident.
The gnoll sergeant hits you with a +0 trident!
* * * LOW HITPOINT WARNING * * *
You closely miss the gnoll sergeant.
The gnoll sergeant hits you but does no damage.
You hit the gnoll sergeant.
The gnoll sergeant is lightly wounded.
The gnoll sergeant misses you.
You hit the gnoll sergeant.
The gnoll sergeant is moderately wounded.
You block the gnoll sergeant's attack.
You hit the gnoll sergeant.
The gnoll sergeant is moderately wounded.
The gnoll sergeant hits you with a +0 trident.
* * * LOW HITPOINT WARNING * * *
The ribbon worm expels a string of sticky webbing.
The stream of webbing hits you but does no damage.
You are caught in a web!
The web tears apart.
The gnoll sergeant hits you with a +0 trident.
* * * LOW HITPOINT WARNING * * *
You closely miss the gnoll sergeant.
The gnoll sergeant is moderately wounded.
The gnoll sergeant hits you with a +0 trident.
* * * LOW HITPOINT WARNING * * *
The gnoll sergeant barely misses you.
You hit the gnoll sergeant but do no damage.
The gnoll sergeant is moderately wounded.
The ribbon worm bites you but does no damage.
The gnoll sergeant hits you but does no damage.
You barely miss the gnoll sergeant.
The gnoll sergeant is moderately wounded.
You block the ribbon worm's attack. The gnoll sergeant closely misses you.
You hit the gnoll sergeant.
The gnoll sergeant is heavily wounded.
The gnoll sergeant hits you with a +0 trident.
* * * LOW HITPOINT WARNING * * *
The ribbon worm bites you.
You die...

...#.....#....#
.....?........
..........#..
..?#.......##.#
.......<.....
..........#
#......#
####..w$g.####
)....##@##...#
###..##.##...#
.............#
.....##..#...#
.........# ..#
..#...#..# ## .
#...##.#
.....##.#
.......#.#


You could see a gnoll sergeant and a ribbon worm.

Vanquished Creatures
  A scorpion (D:4)
  2 hounds
  2 orc priests (D:4)
  An iguana (D:4)
  5 orc wizards
  8 gnolls
  3 adders
  2 ribbon worms
  A dart slug (D:1)
  11 orcs
  2 bats
  9 endoplasms
  2 giant cockroaches
  11 goblins
  4 hobgoblins
  4 jackals (D:2)
  3 quokkas
  6 ball pythons
  7 kobolds
  4 rats
88 creatures vanquished.

Notes
Turn   | Place    | Note
-------+----------+-------------------------------------------
     0 | D:1      | Dittersdorf the Gargoyle Fighter began the quest for the
                  | Orb.
     0 | D:1      | Reached XP level 1. HP: 14/14 MP: 1/1
   166 | D:1      | Reached XP level 2. HP: 19/19 MP: 2/2
   869 | D:2      | Identified the +7 spear of Light {flame, rC+ Stlth+}
   973 | D:2      | Reached XP level 3. HP: 13/23 MP: 3/3
  1116 | D:2      | You fall into a shaft and drop 2 floors!
  1126 | D:4      | Noticed a scorpion
  1143 | D:4      | Killed a scorpion
  1144 | D:4      | Reached XP level 4. HP: 29/29 MP: 4/4
  1158 | D:4      | Reached XP level 5. HP: 29/33 MP: 5/5
  1494 | D:3      | Found a glowing golden altar of the Shining One.
  1622 | D:3      | Reached XP level 6. HP: 23/39 MP: 6/6
  2562 | D:4      | Found a hazy altar of Hepliaklqana.
  3030 | D:4      | Found Tiurobby's Assorted Antiques.
  3170 | D:5      | Entered Level 5 of the Dungeon
  3226 | D:4      | Reached skill level 5 in Shields
  3245 | D:4      | Reached skill level 5 in Armour
  3258 | D:4      | Reached skill level 5 in Fighting
  3258 | D:4      | Reached XP level 7. HP: 44/44 MP: 7/7
  3414 | D:5      | Slain by a ribbon worm

Illustrated notes

Levels and vault maps discovered:
D:1:      dpeg_arrival_rhombus, layout_basic, kennysheep_minor_cross
D:2:      layout_basic
D:3:      layout_rooms, lemuel_doored_altar, dk_noncrumbling_2
D:4:      layout_basic, worldfamousw_hep_ancestral_shrine, serial_shops, shop
D:5:      layout_rooms, serial_shops, shop, uniq_blork_the_orc, uniq_eustachio,
          uniq_menkaure

Skill      XL: |  1  2  3  4  5  6  7 |
---------------+----------------------+-----
Fighting       | 4 5 |  5.1
Armour         | 4 5 |  5.2
Shields        | 4 5 |  5.2
Maces & Flails | 3 4 |  4.1

Action                     |  1- 3 |  4- 6 |  7- 9 || total
---------------------------+-------+-------+-------++-------
  Melee: Flail             |    74 |   287 |    54 ||   415
    Use: Scroll            |       |     3 |       ||     3
 Armour: Scale mail        |    66 |    65 |       ||   131
         Chain mail        |       |   185 |    53 ||   238
  Dodge: Dodged            |    45 |   188 |    39 ||   272
  Block: Buckler           |    27 |    62 |    15 ||   104

Table legend: (Time is in decaauts)
 A = Elapsed time spent in this place.
 B = Non-inter-level travel time spent in this place.
 C = Inter-level travel time spent in this place.
 D = Time resting spent in this place.
 E = Time spent auto-exploring this place.
 F = Levels seen in this place.
 G = Mean time per level.
                   A        B        C        D        E       F      G
               +--------+--------+--------+--------+--------+-----+--------+
         Total |   3531 |   3442 |     89 |    233 |   2261 |   5 |  706.2 |
       Dungeon |   3531 |   3442 |     89 |    233 |   2261 |   5 |  706.2 |
               +--------+--------+--------+--------+--------+-----+--------+

Top non-repeatable levels by time:
     D:3: 940 daAuts
     D:4: 890 daAuts
     D:1: 821 daAuts
     D:2: 703 daAuts
     D:5: 176 daAuts
